| TOP OF THE 1ST |
|
Oakland Oaks batting - Pitching for Calgary Flames : LHP Tony Duque
|
|
Pitching: LHP Tony Duque
|
|
|
Batting: LHB Justin LeFlore
|
0-0: Ball 1-0: Fly out, F4 (Flyball, 34D, EV 86.2 MPH)
|
|
Batting: SHB Steve McGee
|
0-0: Ball 1-0: Foul Ball, location: 2F 1-1: Ball 2-1: Ball 3-1: Swinging Strike 3-2: Foul Ball, location: 2F 3-2: Strikes out swinging
|
|
Batting: RHB Phoctor Dill
|
0-0: Ball 1-0: Ball 2-0: Ball 3-0: Base on Balls
|
|
Batting: RHB Shi-xian Da
|
0-0: Ball 1-0: Called Strike 1-1: Ball 2-1: Ball 3-1: Foul Ball, location: 2F 3-2: Foul Ball, location: 2F 3-2: Base on Balls Phoctor Dill to second
|
|
Batting: LHB Bryan Hodensack
|
0-0: Called Strike 0-1: Ball 1-1: Ground out 4-3 (Groundball, 4, EV 93.1 MPH)
|
| Top of the 1st over - 0 runs, 0 hits, 0 errors, 2 left on base; Oakland 0 - Calgary 0 |
| BOTTOM OF THE 1ST |
|
Calgary Flames batting - Pitching for Oakland Oaks : LHP Ethan Galati
|
|
Pitching: LHP Ethan Galati
|
|
|
Batting: RHB Peter Frankel
|
0-0: Ball 1-0: SINGLE (Groundball, 25, EV 67.5 MPH) (infield hit)
|
|
Batting: RHB Andre Thompson
|
0-0: Ball 1-0: Ball 2-0: Called Strike 2-1: SINGLE (Line Drive, 4D, EV 97.5 MPH) Peter Frankel to second
|
|
Batting: RHB Norinaga Yamakawakamatsu
|
0-0: Ball 1-0: Swinging Strike 1-1: Ball 2-1: Ball 3-1: Called Strike 3-2: SINGLE (Line Drive, 34, EV 110.0 MPH) Peter Frankel to third Andre Thompson to second
|
|
Batting: LHB Gary Corrales
|
0-0: Ball 1-0: SINGLE (Line Drive, 34, EV 105.6 MPH) Peter Frankel scores Andre Thompson to third Norinaga Yamakawakamatsu to second
|
|
Batting: RHB Andy Thomas
|
0-0: SINGLE (Groundball, 56D, EV 108.8 MPH) Andre Thompson scores Norinaga Yamakawakamatsu to third Gary Corrales to second Runner from 3rd tries for Home, SAFE, throw by LF to home
|
|
Batting: LHB Ben Landry
|
0-0: Ball 1-0: Ball 2-0: Called Strike 2-1: Ball 3-1: Foul Ball, location: 2F 3-2: Foul Ball, location: 2F 3-2: Fielders Choice at 2nd, 3-6 (Groundball, 34D, EV 105.6 MPH) Gary Corrales to third
|
|
Batting: RHB Chad Stady
|
0-0: Ball 1-0: Ground out 6-3 (Groundball, 6S, EV 65.0 MPH) Gary Corrales scores Ben Landry to second
|
|
Batting: RHB Tyler Johnson
|
0-0: Swinging Strike 0-1: Ball 1-1: Swinging Strike 1-2: Ball 2-2: Foul Ball, location: 2F 2-2: Foul Ball, location: 2F 2-2: Strikes out swinging
|
| Bottom of the 1st over - 4 runs, 5 hits, 0 errors, 1 left on base; Oakland 0 - Calgary 4 |
| TOP OF THE 2ND |
|
Oakland Oaks batting - Pitching for Calgary Flames : LHP Tony Duque
|
|
Batting: SHB Chris King
|
0-0: Fly out, F2 (Popup, 2LF, EV 90.0 MPH)
|
|
Batting: RHB Ricky Ulloa
|
0-0: Fly out, F7 (Flyball, 78S, EV 92.5 MPH)
|
|
Batting: RHB Matt Nehman
|
0-0: Ground out 6-3 (Groundball, 56, EV 101.9 MPH)
|
| Top of the 2nd over - 0 runs, 0 hits, 0 errors, 0 left on base; Oakland 0 - Calgary 4 |
| BOTTOM OF THE 2ND |
|
Calgary Flames batting - Pitching for Oakland Oaks : LHP Ethan Galati
|
|
Batting: RHB Pablo Henriquez
|
0-0: Swinging Strike 0-1: Ball 1-1: Called Strike 1-2: Ground out 4-3 (Groundball, 4, EV 102.5 MPH)
|
|
Batting: RHB Peter Frankel
|
0-0: Foul Ball, location: 2F 0-1: Ball 1-1: SINGLE (Line Drive, 7S, EV 91.9 MPH)
|
|
Batting: RHB Andre Thompson
|
0-0: Ball 1-0: Ball 2-0: Grounds into double play, 4-6-3 (Groundball, 4, EV 89.4 MPH)
|
| Bottom of the 2nd over - 0 runs, 1 hit, 0 errors, 0 left on base; Oakland 0 - Calgary 4 |
| TOP OF THE 3RD |
|
Oakland Oaks batting - Pitching for Calgary Flames : LHP Tony Duque
|
|
Batting: RHB Mario Medina
|
0-0: Ball 1-0: Ground out 6-3 (Groundball, 56, EV 90.0 MPH)
|
|
Batting: LHB Justin LeFlore
|
0-0: Ball 1-0: Swinging Strike 1-1: Foul Ball, location: 2F 1-2: Foul Ball, location: 2F 1-2: Strikes out swinging
|
|
Batting: SHB Steve McGee
|
0-0: Ball 1-0: Ball 2-0: Swinging Strike 2-1: Foul Ball, location: 2F 2-2: Strikes out swinging
|
| Top of the 3rd over - 0 runs, 0 hits, 0 errors, 0 left on base; Oakland 0 - Calgary 4 |
| BOTTOM OF THE 3RD |
|
Calgary Flames batting - Pitching for Oakland Oaks : LHP Ethan Galati
|
|
Batting: RHB Norinaga Yamakawakamatsu
|
0-0: Called Strike 0-1: Ball 1-1: TRIPLE (Line Drive, 89XD, EV 105.0 MPH)
|
|
Batting: LHB Gary Corrales
|
0-0: Ball 1-0: Ball 2-0: Ball 3-0: Swinging Strike 3-1: SINGLE (Line Drive, 8RS, EV 89.4 MPH) Norinaga Yamakawakamatsu scores
|
|
Batting: RHB Andy Thomas
|
0-0: Swinging Strike 0-1: Called Strike 0-2: Strikes out swinging
|
|
Batting: LHB Ben Landry
|
0-0: Ball 1-0: Ball 2-0: Foul Ball, location: 2F 2-1: Foul Ball, location: 2F 2-2: Fly out, F8 (Flyball, 8LM, EV 94.4 MPH)
|
|
Batting: RHB Chad Stady
|
0-0: Ground out 4-3 (Groundball, 4, EV 82.5 MPH)
|
| Bottom of the 3rd over - 1 run, 2 hits, 0 errors, 1 left on base; Oakland 0 - Calgary 5 |
| TOP OF THE 4TH |
|
Oakland Oaks batting - Pitching for Calgary Flames : LHP Tony Duque
|
|
Batting: RHB Phoctor Dill
|
0-0: Called Strike 0-1: Swinging Strike 0-2: Fly out, F8 (Line Drive, 89D, EV 93.8 MPH)
|
|
Now in CF: Peter Frankel
|
|
|
Now in RF: Antonio Martinez
|
|
|
Batting: RHB Shi-xian Da
|
0-0: Ball 1-0: Called Strike 1-1: Foul Ball, location: 2F 1-2: Ground out 5-3 (Groundball, 56S, EV 80.6 MPH)
|
|
Batting: LHB Bryan Hodensack
|
0-0: Called Strike 0-1: Ball 1-1: Foul Ball, location: 2F 1-2: Ball 2-2: Strikes out swinging
|
| Top of the 4th over - 0 runs, 0 hits, 0 errors, 0 left on base; Oakland 0 - Calgary 5 |
| BOTTOM OF THE 4TH |
|
Calgary Flames batting - Pitching for Oakland Oaks : LHP Ethan Galati
|
|
Batting: RHB Tyler Johnson
|
0-0: Fly out, F8 (Flyball, 8LD, EV 107.5 MPH)
|
|
Batting: RHB Pablo Henriquez
|
0-0: Ground out 4-3 (Groundball, 4, EV 80.0 MPH)
|
|
Batting: RHB Peter Frankel
|
0-0: Ball 1-0: SINGLE (Groundball, 56D, EV 108.1 MPH)
|
|
Batting: RHB Antonio Martinez
|
0-0: Fielders Choice at 2nd, 6-4 (Groundball, 6, EV 96.2 MPH)
|
| Bottom of the 4th over - 0 runs, 1 hit, 0 errors, 1 left on base; Oakland 0 - Calgary 5 |
| TOP OF THE 5TH |
|
Oakland Oaks batting - Pitching for Calgary Flames : LHP Tony Duque
|
|
Batting: SHB Chris King
|
0-0: Called Strike 0-1: Swinging Strike 0-2: Ball 1-2: Strikes out swinging
|
|
Batting: RHB Ricky Ulloa
|
0-0: Foul Ball, location: 2F 0-1: Ball 1-1: Ball 2-1: Foul Ball, location: 2F 2-2: Strikes out swinging
|
|
Batting: RHB Matt Nehman
|
0-0: Called Strike 0-1: Called Strike 0-2: Fly out, F9 (Flyball, 9D, EV 92.5 MPH)
|
| Top of the 5th over - 0 runs, 0 hits, 0 errors, 0 left on base; Oakland 0 - Calgary 5 |
| BOTTOM OF THE 5TH |
|
Calgary Flames batting - Pitching for Oakland Oaks : LHP Ethan Galati
|
|
Batting: RHB Norinaga Yamakawakamatsu
|
0-0: Ball 1-0: Ball 2-0: Foul Ball, location: 2F 2-1: Ball 3-1: Base on Balls
|
|
Batting: LHB Gary Corrales
|
0-0: Ball 1-0: DOUBLE (Line Drive, 9LS, EV 101.9 MPH) Norinaga Yamakawakamatsu to third
|
|
Batting: RHB Andy Thomas
|
0-0: Ball 1-0: Ball 2-0: Called Strike 2-1: Fly out, F7 (Line Drive, 7S, EV 95.0 MPH)
|
|
Batting: LHB Ben Landry
|
0-0: Called Strike 0-1: Called Strike 0-2: Ball 1-2: Foul Ball, location: 2F 1-2: Ball 2-2: Ball 3-2: Base on Balls
|
|
Batting: RHB Chad Stady
|
0-0: Ball 1-0: Fly out, F7 (Line Drive, 7, EV 90.6 MPH)
|
|
Batting: RHB Tyler Johnson
|
0-0: Foul Ball, location: 2F 0-1: Ball 1-1: Swinging Strike 1-2: Foul Ball, location: 2F 1-2: Ball 2-2: Foul Ball, location: 2F 2-2: Strikes out swinging
|
| Bottom of the 5th over - 0 runs, 1 hit, 0 errors, 3 left on base; Oakland 0 - Calgary 5 |
| TOP OF THE 6TH |
|
Oakland Oaks batting - Pitching for Calgary Flames : LHP Tony Duque
|
|
Batting: RHB Mario Medina
|
0-0: Called Strike 0-1: Ball 1-1: Ball 2-1: Foul Ball, location: 2F 2-2: Strikes out swinging
|
|
Batting: LHB Justin LeFlore
|
0-0: Ball 1-0: Ball 2-0: Ball 3-0: Foul Ball, location: 2F 3-1: Base on Balls
|
|
Batting: SHB Steve McGee
|
0-0: Called Strike Justin LeFlore steals 2nd base 0-1: Ground out 6-3 (Groundball, 6, EV 85.6 MPH) Justin LeFlore to third
|
|
Batting: RHB Phoctor Dill
|
0-0: Called Strike 0-1: Foul Ball, location: 2F 0-2: Ball 1-2: Strikes out swinging
|
| Top of the 6th over - 0 runs, 0 hits, 0 errors, 1 left on base; Oakland 0 - Calgary 5 |
| BOTTOM OF THE 6TH |
|
Calgary Flames batting - Pitching for Oakland Oaks : LHP Ethan Galati
|
|
Batting: RHB Pablo Henriquez
|
0-0: Ball 1-0: Called Strike 1-1: Ball 2-1: Fly out, F8 (Flyball, 8LD, EV 91.2 MPH)
|
|
Batting: RHB Peter Frankel
|
0-0: Called Strike 0-1: Fly out, F3 (Popup, 3F, EV 65.0 MPH)
|
|
Batting: RHB Antonio Martinez
|
0-0: Ball 1-0: Ball 2-0: Called Strike 2-1: Ground out 5-3 (Groundball, 5, EV 77.5 MPH)
|
| Bottom of the 6th over - 0 runs, 0 hits, 0 errors, 0 left on base; Oakland 0 - Calgary 5 |
| TOP OF THE 7TH |
|
Oakland Oaks batting - Pitching for Calgary Flames : LHP Tony Duque
|
|
Batting: RHB Shi-xian Da
|
0-0: Ball 1-0: Foul Ball, location: 2F 1-1: Swinging Strike 1-2: Foul Ball, location: 2F 1-2: Strikes out looking
|
|
Batting: LHB Bryan Hodensack
|
0-0: Called Strike 0-1: Swinging Strike 0-2: Ball 1-2: Strikes out swinging, 2-3 out at first.
|
|
Batting: SHB Chris King
|
0-0: Ball 1-0: Foul Ball, location: 2F 1-1: Ball 2-1: Foul Ball, location: 2F 2-2: Fly out, F8 (Flyball, 89D, EV 95.0 MPH)
|
| Top of the 7th over - 0 runs, 0 hits, 0 errors, 0 left on base; Oakland 0 - Calgary 5 |
| BOTTOM OF THE 7TH |
|
Calgary Flames batting - Pitching for Oakland Oaks : LHP Ethan Galati
|
|
Batting: RHB Norinaga Yamakawakamatsu
|
0-0: Foul Ball, location: 2F 0-1: Ground out 5-3 (Groundball, 5, EV 87.5 MPH)
|
|
Batting: LHB Gary Corrales
|
0-0: Ball 1-0: Ball 2-0: Ball 3-0: Called Strike 3-1: Base on Balls
|
|
Pitching: RHP Herman McPherson
|
|
|
Batting: RHB Andy Thomas
|
0-0: Ball 1-0: SINGLE (Groundball, 6MS, EV 83.8 MPH) (infield hit) Gary Corrales to second
|
|
Batting: LHB Ben Landry
|
0-0: Ball 1-0: Ball 2-0: Hit by Pitch Gary Corrales to third Andy Thomas to second
|
|
Batting: RHB Chad Stady
|
0-0: Ball 1-0: Foul Ball, location: 2F 1-1: Fly out, F9 (Line Drive, 9, EV 90.6 MPH) Runner from 3rd tags up, SCORES, throw by RF
|
|
Batting: RHB Tyler Johnson
|
0-0: Foul Ball, location: 2F 0-1: Foul Ball, location: 2F 0-2: Ball 1-2: Foul Ball, location: 2F 1-2: Foul Ball, location: 2F 1-2: Strikes out swinging, 2-3 out at first.
|
| Bottom of the 7th over - 1 run, 1 hit, 0 errors, 2 left on base; Oakland 0 - Calgary 6 |
| TOP OF THE 8TH |
|
Oakland Oaks batting - Pitching for Calgary Flames : LHP Tony Duque
|
|
Pinch Hitting: LHB Ben Goldstein
|
0-0: Ball 1-0: Called Strike 1-1: Ball 2-1: Foul Ball, location: 2F 2-2: Foul Ball, location: 2F 2-2: Strikes out swinging
|
|
Pinch Hitting: RHB Bill Cabrera
|
0-0: Ball 1-0: Foul Ball, location: 2F 1-1: Foul Ball, location: 2F 1-2: SINGLE (Groundball, 56D, EV 101.2 MPH)
|
|
Pitching: LHP Randy Latendresse
|
|
|
Batting: RHB Mario Medina
|
0-0: Called Strike 0-1: Swinging Strike 0-2: Ball 1-2: Fly out, F9 (Flyball, 89D, EV 78.8 MPH)
|
|
Batting: LHB Justin LeFlore
|
0-0: Ball 1-0: Ground out 4-3 (Groundball, 4, EV 91.9 MPH)
|
| Top of the 8th over - 0 runs, 1 hit, 0 errors, 1 left on base; Oakland 0 - Calgary 6 |
| BOTTOM OF THE 8TH |
|
Calgary Flames batting - Pitching for Oakland Oaks : RHP Herman McPherson
|
|
Now at 1B: Ben Goldstein
|
|
|
Now at 2B: Edwin Nunez
|
|
|
Batting: RHB Pablo Henriquez
|
0-0: Foul Ball, location: 2F 0-1: Foul Ball, location: 2F 0-2: Strikes out looking
|
|
Batting: RHB Peter Frankel
|
0-0: Ball 1-0: Called Strike 1-1: Ball 2-1: Called Strike 2-2: Ball 3-2: Base on Balls
|
|
Batting: RHB Antonio Martinez
|
0-0: Ball 1-0: SINGLE (Flyball, 89S, EV 91.9 MPH) Peter Frankel to second
|
|
Batting: RHB Norinaga Yamakawakamatsu
|
0-0: Called Strike 0-1: Called Strike 0-2: Ball 1-2: Fly out, F8 (Flyball, 8LD, EV 80.0 MPH)
|
|
Batting: LHB Gary Corrales
|
0-0: Ball 1-0: Called Strike 1-1: Ball 2-1: Foul Ball, location: 2F 2-2: Ball 3-2: Strikes out swinging
|
| Bottom of the 8th over - 0 runs, 1 hit, 0 errors, 2 left on base; Oakland 0 - Calgary 6 |
| TOP OF THE 9TH |
|
Oakland Oaks batting - Pitching for Calgary Flames : LHP Randy Latendresse
|
|
Batting: SHB Steve McGee
|
0-0: Ball 1-0: Foul Ball, location: 2F 1-1: Swinging Strike 1-2: Strikes out swinging
|
|
Batting: RHB Phoctor Dill
|
0-0: Called Strike 0-1: Foul Ball, location: 2F 0-2: Ball 1-2: Foul Ball, location: 2F 1-2: Ball 2-2: Strikes out looking
|
|
Batting: RHB Shi-xian Da
|
0-0: Swinging Strike 0-1: Ground out U3 (Groundball, 34, EV 103.1 MPH)
|
| Top of the 9th over - 0 runs, 0 hits, 0 errors, 0 left on base; Oakland 0 - Calgary 6 |
|